 Dungeon Crawl Stone Soup version 0.20.1-1-g8b1a95d (webtiles) character file.

54089 dvd the Protected (level 14, -12/119 HPs)
             Began as a Minotaur Abyssal Knight on Oct 14, 2017.
             Was a High Priest of Lugonu.
             Mangled by a soul eater (17 damage)
             ... summoned by an orc sorcerer
             ... while paralysed by an orc sorcerer
             ... on level 2 of the Orcish Mines.
             The game lasted 01:38:58 (31393 turns).

dvd the Protected (Minotaur Abyssal Knight)        Turns: 31393, Time: 01:38:58

Health: -12/119    AC: 20    Str: 18    XL:     14   Next: 33%
Magic:  21/21      EV:  2    Int:  9    God:    Lugonu [*****.]
Gold:   2573       SH:  0    Dex: 14    Spells: 8/13 levels left

rFire    + + .     SeeInvis .   a - +2 scimitar (flame)
rCold    + . .     Gourm    .   s - +0 large shield
rNeg     + + +     Faith    .   X - +5 ring mail "Zeshreih" {+Fly Str+4 Stlth-}
rPois    +         Spirit   .   (helmet unavailable)
rElec    .         Reflect  .   y - scarf {cloud immunity}
rCorr    .         Harm     .   B - +2 pair of gloves
MR       +....                  z - +2 pair of boots
Stlth    +.........             (no amulet)
Regen    0.3/turn               W - ring "Biplil" {rPois rN+}
MPRegen  0.2/turn               t - ring "Dooh" {*Corrode +Inv rF+ rC+ rN++}

@: paralysed, lethally poisoned (-12 -> -24), weakened
A: retaliatory headbutt, hooves 1, horns 3, fire resistance 1, weak 2,
MP-powered wands
a: Depart the Abyss, Bend Space, Banish, Corrupt, Enter the Abyss, Renounce
Religion, Evoke Invisibility, Evoke Flight


You were on level 2 of the Orcish Mines.
You worshipped Lugonu.
Lugonu was extremely pleased with you.
You were not hungry.

You visited 4 branches of the dungeon, and saw 20 of its levels.
You visited the Abyss 1 time.
You also visited: Labyrinth.

You collected 2573 gold pieces.

Inventory:

Hand Weapons
 a - a +2 scimitar of flaming (weapon)
 h - a +2 long sword of freezing
 D - a +3 falchion
 L - the +6 flail of Duty {elec, rPois}
   (You found it in a labyrinth)

   Occasionally, upon striking a foe, it will discharge some electrical energy
   and cause terrible harm.
   It protects you from poison.
Missiles
 O - 14 tomahawks (quivered)
 T - 3 javelins
 Z - 516 stones
Armour
 r - a +3 scale mail of fire resistance
 s - a +0 large shield (worn)
 y - a scarf of cloud immunity (worn)
 z - a +2 pair of boots (worn)
 B - a +2 pair of gloves (worn)
 H - a +2 ring mail of poison resistance
 X - the +5 ring mail "Zeshreih" (worn) {+Fly Str+4 Stlth-}
   (You found it on level 6 of the Lair of Beasts)

   It affects your strength (+4).
   It lets you fly.
   It makes you less stealthy.
Jewellery
 l - an uncursed ring of resist corrosion
 t - the ring "Dooh" (right hand) {*Corrode +Inv rF+ rC+ rN++}
   (You found it in a labyrinth)

   [ring of protection from cold]

   It protects you from fire.
   It protects you from cold.
   It greatly protects you from negative energy.
   It lets you turn invisible.
   It may corrode you when you take damage.
 u - a +2 ring of strength
 J - a +3 ring of intelligence
 W - the ring "Biplil" (left hand) {rPois rN+}
   (You found it on level 6 of the Lair of Beasts)

   [ring of poison resistance]

   It protects you from poison.
   It protects you from negative energy.
Wands
 i - a wand of lightning (11/15)
 j - a wand of acid (0/15)
 o - a wand of flame (10/48)
 p - a wand of iceblast (8/15)
 w - a wand of acid (7/15)
 E - a wand of random effects (12/48)
 G - a wand of iceblast (2/15)
 I - a wand of scattershot (4/9)
 K - a wand of paralysis (12/24)
Scrolls
 e - 8 scrolls of identify
 g - 6 scrolls of remove curse
 x - 5 scrolls of teleportation
 C - a scroll of fog
 M - 2 scrolls of fear
 S - 3 scrolls of enchant armour
 U - a scroll of blinking
Potions
 b - a potion of flight
 k - 3 potions of ambrosia
 m - 13 potions of curing
 n - 2 potions of resistance
 v - a potion of cancellation
 F - 4 potions of heal wounds
 R - a potion of agility
 V - a potion of might
 Y - a potion of berserk rage
Comestibles
 c - 9 bread rations
 d - 6 chunks of flesh
 f - 9 meat rations
 A - 6 royal jellies
 P - 7 fruits


   Skills:
 + Level 9.7 Fighting
 + Level 13.1 Long Blades
 + Level 6.3 Throwing
 * Level 13.6 Armour
 + Level 8.0 Dodging
 + Level 2.9 Stealth
 + Level 12.6 Shields
 + Level 11.0 Invocations
 + Level 1.8 Evocations


You had 8 spell levels left.
You knew the following spells:

 Your Spells              Type           Power        Failure   Level  Hunger
a - Regeneration          Chrm/Necr      #.........   100%        3    ####...
b - Blink                 Tloc           N/A          99%         2    ###....


Dungeon Overview and Level Annotations

Branches:
Dungeon (11/15)            Temple (1/1) D:7            Lair (6/6) D:9
  Swamp (0/4) Lair:3       Spider (0/4) Lair:4        Slime (0/5) Lair:5
    Orc (2/2) D:11            Elf (0/3) Orc:2

Altars:
Ashenzari
Cheibriados
Dithmenos
Elyvilon
Fedhas
Gozag
Hepliaklqana
Kikubaaqudgha
Makhleb
Nemelex Xobeh
Okawaru
Qazlal
Ru
Sif Muna
Trog
Uskayaw
Vehumet
Xom
Yredelemnul
Zin
The Shining One
Beogh
Jiyva

Annotations:
Abyss:1 Psyche


Innate Abilities, Weirdness & Mutations

You reflexively headbutt those who attack you in melee.
You have a pair of large horns on your head.
You have large cloven feet.
Your flesh is heat resistant. (rF+)
You are very weak. (Str -4)
You expend magic power (3 MP) to strengthen your wands.


Message History

* * * LOW HITPOINT WARNING * * *
The orc sorcerer hits you but does no damage.
The orange demon stings you!
* * * LOW HITPOINT WARNING * * *
You are poisoned.
The orange demon poisons you!
The orange demon hits you but does no damage.
You feel sick.
The orc warrior hits you but does no damage.
The soul eater hits you but does no damage.
The soul eater hits you!
* * * LOW HITPOINT WARNING * * *
The orc sorcerer hits you but does no damage.
The orange demon stings you but does no damage.
The orange demon hits you.
* * * LOW HITPOINT WARNING * * *
You feel your attacks grow feeble.
* * * LOW HITPOINT WARNING * * *
You feel sick. The soul eater hits you!
You die...

##.#.#..####....#.....
.####....#.#............ ##
##........(......... #
###.................. #
#....................
#..........(.................
.###.###.....))................
..##. ##.....(3.3.............
..... ##......o@o...>.........
.... #.......4........#......
......##......................#
.......##......))..............
...........##.......#..........
.#.......................######
#.....#........[)....#...#
......#........).....#...#
......##.....[)..)....#..####


You could see 2 soul eaters, an orange demon, an orc sorcerer and an orc
warrior.

Vanquished Creatures
  The ghost of Thaneod the Peltast, a journeyman MiFi of Trog (Orc:2)
  Josephine (Lair:4)
  Harold (Lair:3)
  Erica (Lair:2)
  A hydra (Lair:6)
  A merfolk avatar (Lair:6)
  A two-headed ogre (Orc:1)
  10 death yaks
  Urug (Lair:3)
  Nergalle (Lair:2)
  An unseen horror (D:10)
  4 orc sorcerers
  2 manticores (Lair:6)
  6 black mambas
  11 elephants
  13 spiny frogs
  A gargoyle (D:11)
  7 rime drakes
  5 komodo dragons
  4 trolls
  2 jumping spiders (Lair:4)
  A hornet (Lair:6)
  A wind drake (Lair:6)
  4 polar bears (Lair:6)
  10 hippogriffs
  4 dream sheep (Lair:6)
  3 blink frogs (Lair:5)
  3 redbacks
  Sigmund (D:6)
  A human (D:7)
  4 hogs (D:7)
  3 wraiths (Lair:4)
  8 wyverns
  2 hungry ghosts (D:7)
  Eustachio (D:6)
  18 yaks
  3 basilisks
  2 wargs
  16 water moccasins
  Duvessa (D:6)
  6 orc warriors
  9 porcupines
  4 sky beasts
  2 black bears (D:10)
  3 ice beasts
  4 phantoms
  9 wolves
  8 ogres
  8 centaurs
  12 crocodiles
  2 big kobolds (D:9)
  10 bullfrogs
  A wyvern zombie (D:11)
  Dowan (D:6)
  4 scorpions
  A water moccasin zombie (D:8)
  4 killer bees (D:7)
  An electric eel (Lair:3)
  A vampire bat (D:6)
  10 crimson imps
  2 quasits
  3 bullfrog zombies
  3 hounds
  4 orc priests
  2 bullfrog skeletons
  3 jellies
  Jessica (D:3)
  3 iguanas
  Natasha (thrice) (D:2)
  16 orc wizards
  6 worker ants
  6 hell rats (Lair:2)
  A hound zombie (D:6)
  A worker ant zombie (D:9)
  6 gnolls
  13 adders
  3 shadow imps
  3 oozes
  4 adder skeletons
  3 worms
  3 dart slugs
  11 leopard geckos
  49 orcs
  2 ball pythons
  7 giant cockroaches
  13 goblins
  11 hobgoblins
  8 jackals
  23 kobolds
  2 quokkas
  22 bats
  10 frilled lizards
  A jackal skeleton (D:4)
  A leopard gecko zombie (D:9)
  A quokka skeleton (D:5)
  A quokka zombie (D:7)
  12 rats
  A spectral orc (D:6)
  2 fungi
  2 plants (Lair:6)
529 creatures vanquished.

Vanquished Creatures (others)
  A stone giant (Orc:2)
  A minotaur (Lab)
  The ghost of KTyJLXy the Twirler, a journeyman OpWz of Vehumet (D:11)
  2 two-headed ogres
  A slime creature (D:11)
  A sea snake (Lair:6)
  A cyclops (D:8)
  2 komodo dragons
  The ghost of dstrtn the Sneak, a novice SpCK of Xom (D:8)
  A wraith (Lair:4)
  An ogre (D:7)
  16 fungi
  13 plants
42 creatures vanquished.

Grand Total: 571 creatures vanquished

Notes
Turn   | Place    | Note
-------+----------+-------------------------------------------
     0 | Abyss:1  | dvd the Minotaur Abyssal Knight began the quest for the Orb.
     0 | Abyss:1  | Reached XP level 1. HP: 19/19 MP: 1/1
     1 | Abyss:1  | Found a corrupted altar of Lugonu.
    36 | D:1      | Escaped the Abyss
   294 | D:1      | Reached XP level 2. HP: 27/27 MP: 2/2
   726 | D:1      | Reached ** piety under Lugonu
   726 | D:1      | Reached XP level 3. HP: 33/34 MP: 3/3
  1104 | D:2      | Found a white marble altar of Elyvilon.
  1496 | D:2      | Reached XP level 4. HP: 39/41 MP: 4/4
  1599 | D:2      | Noticed Natasha
  1607 | D:2      | Killed Natasha
  1615 | D:2      | Noticed Natasha
  1619 | D:2      | Killed Natasha
  1633 | D:2      | Found a glowing silver altar of Zin.
  1760 | D:2      | Noticed Natasha
  1773 | D:2      | Killed Natasha
  1773 | D:2      | Reached XP level 5. HP: 33/47 MP: 5/5
  2214 | D:3      | Found an iron altar of Okawaru.
  2257 | D:3      | Found an opulent altar of Gozag.
  2260 | D:3      | Noticed Jessica
  2263 | D:3      | Killed Jessica
  2263 | D:3      | Reached skill level 5 in Fighting
  2273 | D:3      | Found a hazy altar of Hepliaklqana.
  2438 | D:3      | Reached *** piety under Lugonu
  2820 | D:3      | Reached XP level 6. HP: 56/56 MP: 6/6
  3513 | D:4      | Found an ancient bone altar of Kikubaaqudgha.
  3958 | D:4      | Noticed an ice beast
  3962 | D:4      | Reached skill level 1 in Shields
  3971 | D:4      | Killed an ice beast
  3971 | D:4      | Reached skill level 5 in Long Blades
  3971 | D:4      | Reached skill level 1 in Throwing
  4386 | D:4      | Reached XP level 7. HP: 41/61 MP: 7/7
  5101 | D:5      | Entered Level 5 of the Dungeon
  5290 | D:5      | Reached skill level 5 in Armour
  5505 | D:5      | Found a shimmering altar of Xom.
  5506 | D:5      | Found a burning altar of Makhleb.
  5526 | D:5      | Reached skill level 1 in Stealth
  5556 | D:5      | Found a large runed door.
  5556 | D:5      | Found a large runed door.
  5571 | D:5      | Found a large runed door.
  5571 | D:5      | Found a large runed door.
  5658 | D:5      | Reached **** piety under Lugonu
  6121 | D:5      | Gained mutation: You are agile. (Dex +2) [mutagenic meat]
  6122 | D:5      | Gained mutation: You have large cloven feet. [mutagenic meat]
  6123 | D:5      | Gained mutation: You tend to lose your temper in combat. [mutagenic meat]
  6124 | D:5      | Gained mutation: You expend magic power (3 MP) to strengthen your wands. [mutagenic meat]
  6125 | D:5      | Gained mutation: You are weak. (Str -2) [mutagenic meat]
  6310 | D:5      | Reached XP level 8. HP: 20/69 MP: 9/9
  7291 | D:5      | Got a crude glaive
  7463 | D:6      | Noticed Sigmund
  7468 | D:6      | Killed Sigmund
  7524 | D:6      | Noticed Duvessa
  7539 | D:6      | Killed Duvessa
  7541 | D:6      | Noticed Dowan
  7610 | D:6      | Found a blossoming altar of Fedhas.
  7894 | D:6      | Noticed Eustachio
  7965 | D:6      | Killed Eustachio
  8047 | D:6      | Found a shattered altar of Ashenzari.
  8362 | D:6      | Found a basalt altar of Yredelemnul.
  8805 | D:6      | Killed Dowan
  8961 | D:7      | Reached XP level 9. HP: 52/75 MP: 11/11
  9032 | D:7      | Identified the +9 glaive "Killer Bee's Bane" {chop, rElec MR+ Str-3 Dex+4} (You found it on level 5 of the Dungeon)
  9069 | D:7      | Gained mutation: You are very weak. (Str -4) [mutagenic meat]
  9070 | D:7      | Gained mutation: You have a pair of large horns on your head. [mutagenic meat]
  9071 | D:7      | Gained mutation: Your flesh is heat resistant. (rF+) [mutagenic meat]
  9074 | D:7      | Found a staircase to the Ecumenical Temple.
  9107 | D:7      | Reached skill level 5 in Shields
  9107 | D:7      | Reached skill level 5 in Invocations
 10155 | D:7      | Lost mutation: You tend to lose your temper in combat. [mutagenic meat]
 10156 | D:7      | Lost mutation: You are agile. (Dex +2) [mutagenic meat]
 10237 | Temple   | Entered the Ecumenical Temple
 10431 | D:8      | Noticed dstrtn's ghost (novice SpCK)
 10433 | D:8      | Banished dstrtn's ghost
 10472 | D:8      | Noticed Psyche
 10475 | D:8      | Banished Psyche
 10475 | D:8      | Reached XP level 10. HP: 84/84 MP: 13/13
 10496 | D:8      | Noticed a cyclops
 10502 | D:8      | Banished a cyclops
 11873 | D:9      | Noticed a two-headed ogre
 11880 | D:9      | Banished a two-headed ogre
 12633 | D:9      | Found a staircase to the Lair.
 12756 | D:9      | Found a hide-covered altar of Uskayaw.
 13329 | D:10     | Entered Level 10 of the Dungeon
 13705 | D:10     | Got a faintly glowing battleaxe
 13711 | D:10     | Identified the cursed +3 battleaxe of a bazaar {chop, Fragile rPois rN++ Stlth+} (You found it on level 10 of the Dungeon)
 14073 | D:9      | Reached skill level 10 in Armour
 14215 | D:10     | Killed an unseen horror
 14215 | D:10     | Reached skill level 5 in Dodging
 14215 | D:10     | Reached XP level 11. HP: 41/92 MP: 5/15
 14645 | D:11     | Found a labyrinth entrance.
 14651 | Lab      | Entered a labyrinth
 17058 | Lab      | Noticed a minotaur
 17061 | Lab      | Banished a minotaur
 17066 | Lab      | Got a bound jade ring
 17068 | Lab      | Identified the ring "Dooh" {*Corrode +Inv rF+ rC+ rN++} (You found it in a labyrinth)
 17069 | Lab      | Got a jewelled flail
 17070 | Lab      | Identified the +6 flail of Duty {elec, rPois} (You found it in a labyrinth)
 17150 | D:11     | Noticed KTyJLXy's ghost (journeyman OpWz)
 17151 | D:11     | Banished KTyJLXy's ghost
 17251 | D:11     | Noticed a two-headed ogre
 17910 | D:11     | Found a staircase to the Orcish Mines.
 18440 | D:11     | Banished a two-headed ogre
 18522 | D:11     | Reached skill level 10 in Long Blades
 18883 | Lair:1   | Entered Level 1 of the Lair of Beasts
 19661 | Lair:1   | Reached skill level 10 in Shields
 19787 | Lair:1   | Learned a level 3 spell: Regeneration
 19790 | Lair:1   | Learned a level 2 spell: Blink
 20295 | Lair:1   | Reached XP level 12. HP: 83/101 MP: 17/17
 20696 | Lair:2   | Noticed Nergalle
 20715 | Lair:2   | Killed Nergalle
 21375 | Lair:2   | Noticed Erica
 21395 | Lair:2   | Killed Erica
 22179 | Lair:3   | Noticed Harold
 22185 | Lair:3   | Killed Harold
 22330 | Lair:3   | Noticed a death yak
 22331 | Lair:3   | Noticed a death yak
 22331 | Lair:3   | Noticed a death yak
 22332 | Lair:3   | Noticed a death yak
 22375 | Lair:2   | Killed a death yak
 22375 | Lair:2   | Reached skill level 1 in Evocations
 22386 | Lair:2   | Killed a death yak
 22853 | Lair:3   | Noticed Urug
 23183 | Lair:3   | Killed Urug
 23251 | Lair:3   | Found a staircase to the Swamp.
 23309 | Lair:3   | Killed a death yak
 23760 | Lair:2   | Killed a death yak
 24233 | Lair:4   | Noticed Josephine
 24254 | Lair:4   | Killed Josephine
 24555 | Lair:4   | Reached XP level 13. HP: 72/108 MP: 19/19
 25037 | Lair:4   | Reached skill level 10 in Invocations
 25342 | Lair:4   | Found a hole to the Spider Nest.
 26028 | Lair:5   | Reached skill level 5 in Throwing
 26806 | Lair:5   | Found a runed door.
 26806 | Lair:5   | Found a viscous altar of Jiyva.
 26807 | Lair:5   | Found a staircase to the Slime Pits.
 27396 | Lair:6   | Entered Level 6 of the Lair of Beasts
 27527 | Lair:6   | Reached ***** piety under Lugonu
 29230 | Lair:6   | Reached XP level 14. HP: 78/118 MP: 21/21
 29924 | Lair:6   | Got a fine steel ring
 29926 | Lair:6   | Identified the ring "Biplil" {rPois rN+} (You found it on level 6 of the Lair of Beasts)
 29931 | Lair:6   | Got an encrusted ring mail
 29942 | Lair:6   | Identified the +5 ring mail "Zeshreih" {+Fly Str+4 Stlth-} (You found it on level 6 of the Lair of Beasts)
 29946 | Lair:6   | Got an ancient hand axe
 29947 | Lair:6   | Identified the cursed +2 hand axe of True Grit {freeze, rF- Int+4} (You found it on level 6 of the Lair of Beasts)
 30348 | Orc:1    | Entered Level 1 of the Orcish Mines
 30793 | Orc:2    | Entered Level 2 of the Orcish Mines
 30798 | Orc:2    | Found a staircase to the Elven Halls.
 30958 | Orc:2    | Noticed Thaneod's ghost (journeyman MiFi)
 30988 | Orc:2    | Killed Thaneod's ghost
 31296 | Orc:2    | Found a roughly hewn altar of Beogh.
 31338 | Orc:2    | Noticed a stone giant
 31341 | Orc:2    | Banished a stone giant
 31386 | Orc:2    | Paralysed by an orc sorcerer for 7 turns
 31393 | Orc:2    | HP: 5/119 [poisoned by an orange demon]
 31393 | Orc:2    | Mangled by a soul eater

Skill      XL: |  1  2  3  4  5  6  7  8  9 10 11 12 13 14 |
---------------+-------------------------------------------+-----
Fighting       | 4 5 6 7 8 9 |  9.7
Armour         | 3 4 5 6 8 10 11 12 13 | 13.6
Long Blades    | 3 4 5 6 7 8 9 10 11 12 13 | 13.1
Dodging        | 2 3 4 5 6 7 8 |  8.0
Shields        | 1 3 4 6 8 10 11 12 | 12.6
Throwing       | 1 2 3 4 6 |  6.3
Invocations    | 2 3 4 5 7 8 9 10 11 | 11.0
Stealth        | 1 2 |  2.9
Evocations     | 1 |  1.8

Action                   |  1- 3 |  4- 6 |  7- 9 | 10-12 | 13-15 || total
-------------------------+-------+-------+-------+-------+-------++-------
Melee: Falchion          |    86 |   171 |   523 |   929 |       ||  1709
       Headbutt          |     8 |    27 |    82 |   227 |   127 ||   471
       Scimitar          |       |       |       |   238 |   650 ||   888
Throw: Stone             |     4 |    47 |    37 |    64 |    14 ||   166
       Javelin           |       |       |    15 |    45 |    16 ||    76
       Throwing net      |       |       |       |     1 |     8 ||     9
       Tomahawk          |       |       |       |    35 |   119 ||   154
Invok: Banish            |       |       |     2 |    12 |     4 ||    18
       Bend Space        |       |       |       |     8 |     1 ||     9
 Abil: Evoke Flight      |       |       |       |       |     1 ||     1
Evoke: Wand              |       |       |     3 |    22 |    18 ||    43
  Use: Scroll            |       |     1 |    12 |    25 |     2 ||    40
       Potion            |       |     1 |    13 |     3 |     1 ||    18
 Stab: Distracted        |       |       |       |     1 |     1 ||     2
       Invisible         |       |       |       |     3 |       ||     3
       Sleeping          |       |       |       |     1 |       ||     1
  Eat: Chunk             |     1 |    10 |    31 |    36 |    18 ||    96
       Fruit             |       |       |     1 |       |       ||     1
       Meat ration       |       |       |     3 |     2 |     1 ||     6
       Royal jelly       |       |       |       |     3 |       ||     3
Armor: Leather armour    |    34 |       |       |       |       ||    34
       Ring mail         |       |    43 |   132 |   244 |   194 ||   613
       Chain mail        |       |       |    78 |   116 |       ||   194
Dodge: Dodged            |    71 |    70 |   106 |   252 |   200 ||   699
Block: Large shield      |       |    53 |   370 |   949 |   484 ||  1856
       Rpst.: Falchion   |    17 |    19 |    23 |    57 |       ||   116
       Scimitar          |       |       |       |    11 |    36 ||    47
